 Dungeon Crawl Stone Soup version 0.23-a0-307-gc3b755d (webtiles) character file.

604931 Umoon2 the Warrior (level 26, -4/215 HPs)
             Began as a Mummy Gladiator on Oct 9, 2018.
             Was an Initiate of Gozag.
             Killed by divine providence
             ... invoked by a smoke demon
              (10 damage)
             ... on level 3 of the Abyss on Oct 10, 2018.
             The game lasted 06:07:54 (86948 turns).

Umoon2 the Warrior (Mummy Gladiator)               Turns: 86948, Time: 06:07:58

Health: -4/215     AC: 43    Str: 22 (27) XL:     26   Next: 7%
Magic:  44/44      EV: 26    Int: 15 (17) God:    Gozag
Gold:   1969       SH: 16    Dex: 22 (24) Spells: 51/59 levels left

rFire    + + .     SeeInvis +   U - +6 demon trident (elec)
rCold    + + +     Gourm    .   N - +1 shield {AC+3}
rNeg     + + +     Faith    .   b - +9 scales of the Dragon King {rPois rF+ rC+ MR+}
rPois    ∞         Spirit   .   W - +2 hat {MR+}
rElec    +         Reflect  .   c - scarf {repulsion}
rCorr    +         Harm     .   e - +2 pair of gloves {Dex+3}
MR       +++++                  R - +2 pair of boots
Stlth    ..........             a - amulet "Fyosh" {Acrobat MR+}
HPRegen  0.45/turn              G - ring of Life {rF+ rN+ Slay+3 SInv}
MPRegen  0.29/turn              V - ring of Phasing {EV+8}

@: mighty, brilliant, agile, about to teleport, resistant (expiring), hasted,
repel missiles, very quick
A: no food or potions, fire vulnerability, cold resistance 1, negative energy
resistance 3, torment resistance, unbreathing, in touch with death 2
}: 4/15 runes: decaying, silver, abyssal, gossamer
a: Potion Petition, Call Merchant, Bribe Branch, Renounce Religion


You were on level 3 of the Abyss.
You worshipped Gozag.
Gozag was most pleased with you.
You were not hungry.

You visited 9 branches of the dungeon, and saw 45 of its levels.
You visited the Abyss 1 time.

You collected 30673 gold pieces.
You spent 11379 gold pieces at shops.
You paid 17325 gold pieces to Gozag.

Inventory:

Hand Weapons
 t - the +7 trident of Peace {pierce, rC+ rN+}
   (You bought it in a shop on level 10 of the Dungeon)

   It inflicts extra damage upon your enemies.
   It protects you from cold.
   It protects you from negative energy.
 E - a +2 demon trident of electrocution
 I - the +10 spear of the Median {flame, rC+ Str+5}
   (You took it off a yaktaur on level 4 of the Depths)

   It has been specially enchanted to burn those struck by it, causing extra
   injury to most foes and up to half again as much damage against particularly
   susceptible opponents.
   It affects your strength (+5).
   It protects you from cold.
 U - a +6 demon trident of electrocution (weapon)
Missiles
 d - 5 throwing nets (quivered)
Armour
 b - the +9 scales of the Dragon King (worn) {rPois rF+ rC+ MR+}
   (You bought it in a shop on level 10 of the Dungeon)

   It protects you from fire.
   It protects you from cold.
   It protects you from poison.
   It affects your resistance to hostile enchantments.
 c - a scarf of repulsion (worn)
 e - a +2 pair of gloves of dexterity (worn)
 p - the +2 pair of gloves of Egalitarianism {rF+ rC- rN++}
   (You found it on level 5 of the Vaults)

   It protects you from fire.
   It makes you vulnerable to cold.
   It greatly protects you from negative energy.
 r - the +8 plate armour "Keytuapp" {rElec}
   (You found it on level 2 of the Depths)

   It insulates you from electricity.
 C - a +3 shield of reflection
 H - the +8 plate armour of Dumukhleiv {rC+ MP+9}
   (You bought it in a shop on level 1 of the Depths)

   It protects you from cold.
   It affects your magic capacity (+9).
 N - a +1 shield of protection (worn)
 Q - a +1 cloak
 R - a +2 pair of boots (worn)
 W - a +2 hat of magic resistance (worn)
Jewellery
 a - the amulet "Fyosh" (around neck) {Acrobat MR+}
   (You found it on level 6 of the Lair of Beasts)

   [amulet of the acrobat]

   It helps you evade while moving and waiting.
   It affects your resistance to hostile enchantments.
 k - an uncursed ring of protection from cold
 m - an uncursed ring of flight
 o - a +3 ring of slaying
 v - the ring of Puzawane {rC+ Dex+3}
   (You found it on level 3 of the Elven Halls)

   [ring of protection from cold]

   It affects your dexterity (+3).
   It protects you from cold.
 A - a +6 ring of evasion
 G - the ring of Life (left hand) {rF+ rN+ Slay+3 SInv}
   (You bought it in a shop on level 7 of the Dungeon)

   [ring of positive energy]

   It affects your accuracy and damage with ranged weapons and melee attacks
   (+3).
   It protects you from fire.
   It protects you from negative energy.
   It lets you see invisible.
 M - the ring of Nizxyl {rElec rPois rC+ MP+9 Stlth-}
   (You bought it in a shop on level 4 of the Depths)

   [ring of protection from cold]

   It protects you from cold.
   It insulates you from electricity.
   It protects you from poison.
   It affects your magic capacity (+9).
   It makes you less stealthy.
 O - a +5 ring of protection
 P - the amulet "Kuka" {Reflect rN+ Str+4 SH+4 SInv}
   (You found it on level 5 of the Vaults)

   [amulet of reflection]

   It shields you and reflects attacks.
   It affects your strength (+4).
   It protects you from negative energy.
   It lets you see invisible.
   It affects your SH (+4).
 V - the ring of Phasing (right hand) {EV+8}
   (You bought it in a shop on level 12 of the Dungeon)

   [ring of evasion]

   It affects your evasion (+8).
 Z - an uncursed ring of resist corrosion
Wands
 h - a wand of flame (57)
 l - a wand of clouds (6)
 z - a wand of paralysis (11)
 B - a wand of polymorph (23)
 D - a wand of random effects (170)
 F - a wand of scattershot (17)
 J - a wand of digging (39)
 K - a wand of acid (23)
 X - a wand of iceblast (33)
Scrolls
 f - 32 scrolls of remove curse
 g - 8 scrolls of enchant weapon
 i - 4 scrolls of enchant armour
 j - a scroll of acquirement
 n - 15 scrolls of amnesia
 q - 2 scrolls of silence
 s - 11 scrolls of teleportation
 u - 8 scrolls of fear
 w - 11 scrolls of immolation
 x - 2 scrolls of blinking
 y - 9 scrolls of fog
 L - 14 scrolls of identify
 S - a scroll of summoning
 T - 7 scrolls of magic mapping


   Skills:
 + Level 19.2 Fighting
   Level 2.4 Maces & Flails
 - Level 14.0 Polearms
 - Level 1.5 Throwing
 - Level 18.0 Armour
 - Level 13.0 Dodging
 - Level 15.0 Shields
 - Level 17.0 Spellcasting
 - Level 15.0 Summonings
 - Level 12.0 Translocations


You had 51 spell levels left.
You knew the following spells:

 Your Spells              Type           Power        Failure   Level  Hunger
a - Blink                 Tloc           N/A          1%          2    N/A
b - Apportation           Tloc           ######       1%          1    N/A
c - Aura of Abjuration    Summ           ######....   1%          5    N/A

Your spell library contained the following spells:

 Spells                   Type           Power        Failure   Level  Hunger
 Summon Butterflies       Summ           ######..     1%          1    N/A
 Summon Small Mammal      Summ           ####         1%          1    N/A
 Call Imp                 Summ           ######..     1%          2    N/A
 Shroud of Golubria       Chrm/Tloc      #####.....   1%          2    N/A
 Call Canine Familiar     Summ           ######..     1%          3    N/A
 Gell's Gravitas          Tloc           ######....   1%          3    N/A
 Lesser Beckoning         Tloc           ######....   1%          3    N/A
 Recall                   Summ/Tloc      N/A          1%          3    N/A
 Teleport Other           Tloc           ######..     1%          3    N/A
 Passage of Golubria      Tloc           N/A          1%          4    N/A
 Summon Demon             Summ           ######....   1%          5    N/A
 Summon Forest            Summ/Tloc      ######....   1%          5    N/A
 Summon Guardian Golem    Hex/Summ       #####...     2%          3    N/A
 Portal Projectile        Hex/Tloc       #####.       4%          3    N/A
 Shadow Creatures         Summ           N/A          4%          6    N/A
 Summon Ice Beast         Ice/Summ       #####...     7%          4    N/A
 Summon Lightning Spire   Summ/Air       #####...     7%          4    N/A
 Animate Skeleton         Necr           N/A          13%         1    N/A
 Confusing Touch          Hex            ###...       13%         1    N/A
 Corona                   Hex            ###....      13%         1    N/A
 Flame Tongue             Conj/Fire      ###..        13%         1    N/A
 Freeze                   Ice            ###.         13%         1    N/A
 Infusion                 Chrm           ###.         13%         1    N/A
 Pain                     Necr           ####         13%         1    N/A
 Sandblast                Erth           ###...       13%         1    N/A
 Sting                    Conj/Pois      ###.         13%         1    N/A
 Summon Mana Viper        Hex/Summ       #####...     17%         5    N/A
 Ensorcelled Hibernation  Hex/Ice        ###...       19%         2    N/A
 Passwall                 Tmut/Erth      ###.....     19%         2    N/A
 Poisonous Vapours        Pois/Air       ###...       19%         2    N/A
 Slow                     Hex            ###.....     19%         2    N/A
 Song of Slaying          Chrm           ###.....     19%         2    N/A
 Sticks to Snakes         Tmut           ###.....     19%         2    N/A
 Swiftness                Chrm/Air       ###.....     19%         2    N/A
 Throw Flame              Conj/Fire      ###...       19%         2    N/A
 Throw Frost              Conj/Ice       ###...       19%         2    N/A
 Summon Hydra             Summ           ######....   22%         7    N/A
 Confuse                  Hex            ###.....     34%         3    N/A
 Conjure Flame            Conj/Fire      ###.....     34%         3    N/A
 Dazzling Spray           Conj/Hex       ###...       34%         3    N/A
 Ignite Poison            Fire/Tmut/Pois ###.....     34%         3    N/A
 Inner Flame              Hex/Fire       ###.....     34%         3    N/A
 Mephitic Cloud           Conj/Pois/Air  ###.....     34%         3    N/A
 Ozocubu's Armour         Chrm/Ice       ###.....     34%         3    N/A
 Spectral Weapon          Hex/Chrm       ###.....     34%         3    N/A
 Stone Arrow              Conj/Erth      ###...       34%         3    N/A
 Tukima's Dance           Hex            ###.....     34%         3    N/A
 Vampiric Draining        Necr           #####.....   34%         3    N/A
 Animate Dead             Necr           N/A          69%         4    N/A
 Cause Fear               Hex            ###.......   69%         4    N/A
 Fulminant Prism          Conj/Hex       ###.......   69%         4    N/A
 Leda's Liquefaction      Hex/Erth       ###.......   69%         4    N/A
 Olgreb's Toxic Radiance  Pois           ###.....     69%         4    N/A
 Petrify                  Tmut/Erth      ###.....     69%         4    N/A
 Sticky Flame             Conj/Fire      ###.....     69%         4    N/A
 Throw Icicle             Conj/Ice       ###.....     69%         4    N/A
 Alistair's Intoxication  Tmut/Pois      ###.....     93%         5    N/A
 Bolt of Magma            Conj/Fire/Erth ###.......   93%         5    N/A
 Borgnjor's Vile Clutch   Necr/Erth      #####.....   93%         5    N/A
 Fireball                 Conj/Fire      ###.......   93%         5    N/A
 Irradiate                Conj/Tmut      ###.......   93%         5    N/A
 Lee's Rapid Deconstruct  Erth           ###.......   93%         5    N/A
 Metabolic Englaciation   Hex/Ice        ###.......   93%         5    N/A
 Venom Bolt               Conj/Pois      ###.......   93%         5    N/A
 Yara's Violent Unravell  Hex/Tmut       ###.......   93%         5    N/A
 Haunt                    Necr/Summ      #######...   97%         7    N/A
 Bolt of Fire             Conj/Fire      ###.......   100%        6    N/A
 Darkness                 Hex            ###.......   100%        6    N/A
 Death Channel            Necr           #####.....   100%        6    N/A
 Freezing Cloud           Conj/Ice/Air   ###.......   100%        6    N/A
 Invisibility             Hex            ###.....     100%        6    N/A
 Iron Shot                Conj/Erth      ###.......   100%        6    N/A
 Simulacrum               Ice/Necr       #####.....   100%        6    N/A
 Ring of Flames           Chrm/Fire      ###.......   100%        7    N/A
 Ignition                 Fire           ###.......   100%        8    N/A
 Infestation              Necr           #####.....   100%        8    N/A
 Shatter                  Erth           ###.......   100%        9    N/A
 Beastly Appendage        Tmut           Unusable     N/A         1    N/A
 Sublimation of Blood     Necr           Unusable     N/A         2    N/A
 Regeneration             Chrm/Necr      Unusable     N/A         3    N/A
 Spider Form              Tmut/Pois      Unusable     N/A         3    N/A
 Ice Form                 Ice/Tmut       Unusable     N/A         4    N/A
 Blade Hands              Tmut           Unusable     N/A         5    N/A
 Hydra Form               Tmut           Unusable     N/A         6    N/A
 Statue Form              Tmut/Erth      Unusable     N/A         6    N/A
 Borgnjor's Revivificati  Necr           Unusable     N/A         8    N/A
 Death's Door             Chrm/Necr      Unusable     N/A         8    N/A
 Necromutation            Tmut/Necr      Unusable     N/A         8    N/A

Dungeon Overview and Level Annotations

Branches:
Dungeon (15/15)            Temple (1/1) D:4            Lair (6/6) D:10
  Swamp (4/4) Lair:2       Spider (4/4) Lair:4        Slime (0/5) Lair:5
    Orc (2/2) D:12            Elf (3/3) Orc:2        Vaults (5/5) D:13
  Crypt (0/3) Vaults:3     Depths (5/5) D:15            Zot (0/5) Depths:5

Altars:
Ashenzari
Cheibriados
Dithmenos
Elyvilon
Fedhas
Gozag
Hepliaklqana
Kikubaaqudgha
Makhleb
Nemelex Xobeh
Okawaru
Qazlal
Ru
Sif Muna
Trog
Uskayaw
Vehumet
Wu Jian
Xom
Yredelemnul
Zin
The Shining One
Beogh
Jiyva
Lugonu

Shops:
D:6 }   D:7 =   D:9 *   D:10 ?([   D:12 =   D:13 *   D:14 *   Orc:1 *
Orc:2 =[*(   Lair:2 [   Vaults:1 (   Vaults:2 :   Vaults:3 (!:   Depths:1 [
Depths:4 %![*}=}=

Portals:
Hell: Depths:1 Depths:2 Depths:3 Depths:4 Depths:5
Abyss: Depths:3 Depths:4 Depths:5
Pandemonium: Depths:3
Ziggurat: Depths:4
Trove: Vaults:4 (give 2 scrolls of acquirement)

Annotations:
D:9 exclusion: obsidian statue
Lair:2 exclusion: 2 oklob plants


Innate Abilities, Weirdness & Mutations

You do not eat or drink.
Your flesh is vulnerable to fire.
You are immune to poison.
Your flesh is cold resistant. (rC+)
You are immune to negative energy. (rN+++)
You are immune to unholy pain and torment.
You can survive without breathing.
You are strongly in touch with the powers of death.


Message History

The shadow flickers and vanishes for a moment.
A deafening chorus of shrieks assaults your mind!
* * * LOW HITPOINT WARNING * * *
You suddenly lose the ability to move!
A starcursed mass splits.
The unseen horror hits you but does no damage.
You can move again. [a] - 550 gold - haste, agility, might and brilliance [b] - 336 gold - invisibility and agility [c] - 364 gold - resistance and agility Purchase which effect?
You feel yourself speed up.
You feel agile all of a sudden.
You feel mightier all of a sudden.
You feel clever all of a sudden.
You start to feel less resistant.
The unseen horror barely misses you. The blink frog closely misses you.
The blizzard demon waves its arms in wide circles.
The air twists around and strikes you! The smoke demon gestures at you.
Something smites you!
You die...
Your body crumbles into a pile of gold.

....#.#.#.##>####....#
..#.......#$(?$##$..#
#.......##($[/$##..#
##....X.X23$(?φ(#.v#
#...φ.XX8((?.($ #..#
##..XX3X'[.$($/[ ..
#..FXc..##(/([[## .#
...#.XxxW..##)[[##..§#
#....#@#.#########....
.###..#### ..........
§.... .. ..#.#.
....§#§ .§ ###. .#.
#.#§### #... ### # ..


You could see 6 starcursed masses, a blizzard demon, a satyr shaped shifter, a
crystal guardian, 2 thrashing horrors, a large abomination, 2 smoke demons, an
unseen horror (invisible), a blink frog shaped shifter, a small abomination and
a shadow (invisible).

Vanquished Creatures
  2 ancient liches
  Mara (Vaults:4)
  A juggernaut (Depths:4)
  Boris (Depths:3)
  Saint Roka (Depths:4)
  6 caustic shrikes
  Nikola (Vaults:2)
  3 golden dragons
  A profane servitor (Abyss:2)
  Arachne (Spider:2)
  4 deep elf blademasters
  8 tentacled monstrosities
  4 liches
  A deep elf master archer (Elf:3)
  3 titans
  4 sphinxes
  5 tentacled starspawn
  Kirke (Elf:1)
  Gastronok (Lair:3)
  Agnes (Spider:3)
  12 tengu reavers
  5 thorn hunters
  6 storm dragons
  Roxanne (Spider:1)
  2 shadow dragons
  3 iron dragons
  12 frost giants
  13 fire giants
  6 ghost moths
  A caustic shrike zombie (D:15)
  6 deep elf sorcerers
  3 orc warlords
  2 balrugs
  14 vault wardens
  4 emperor scorpions
  4 draconian stormcallers (Depths:5)
  Louise (Spider:3)
  A cacodemon (Abyss:2)
  A draconian annihilator (Depths:5)
  A spriggan defender (Depths:4)
  7 deep elf elementalists
  4 vampire knights
  An entropy weaver (shapeshifter) (Depths:2)
  4 entropy weavers
  20 very ugly things
  17 ironheart preservers
  5 war gargoyles
  43 slime creatures
  23 stone giants
  5 deep elf demonologists
  A purple draconian (Depths:5)
  2 black draconians (Depths:5)
  A lorocyproca (Depths:3)
  A minotaur (shapeshifter) (Vaults:4)
  8 deep elf annihilators
  Azrael (D:12)
  A yellow draconian (Depths:5)
  Nessos (D:13)
  10 spark wasps
  A fire dragon (shapeshifter) (Depths:3)
  26 ettins
  A merfolk impaler (Depths:1)
  8 deep elf death magi
  10 fire dragons
  9 deep elf high priests
  5 great orbs of eyes
  Fannar (Lair:3)
  14 yaktaur captains
  3 rakshasas
  29 vault guards
  2 shambling mangroves
  A great orb of eyes (shapeshifter) (Abyss:3)
  A juggernaut simulacrum (Depths:3)
  Erolcha (D:11)
  5 spriggan air magi
  23 hydras
  10 ice dragons
  A hydra (shapeshifter) (Depths:3)
  5 ghost crabs (Swamp:2)
  3 catoblepae
  12 centaur warriors
  4 death knights
  52 two-headed ogres
  7 death yaks
  14 alligators
  4 spriggan berserkers
  14 deep troll shamans
  A tengu warrior (Depths:5)
  18 ogre magi
  11 deep troll earth magi
  6 orc high priests
  8 thrashing horrors
  7 vampire magi
  Urug (Lair:3)
  3 hell hogs (Depths:1)
  2 wretched stars (Abyss:2)
  A titan skeleton (Abyss:2)
  Sonja (Lair:1)
  19 deep elf knights
  A fire crab (shapeshifter) (Elf:1)
  9 hell knights
  2 sixfirhies (Abyss:2)
  10 iron trolls
  4 shadow wraiths
  13 skeletal warriors
  A sea snake (shapeshifter) (Depths:3)
  2 flayed ghosts
  15 unseen horrors
  7 spriggan druids
  3 spatial maelstroms
  31 deep trolls
  An orange crystal statue (Elf:2)
  A spark wasp zombie (D:15)
  A death drake (shapeshifter) (Vaults:4)
  9 glowing orange brains
  3 phantasmal warriors
  A tengu zombie (Vaults:4)
  9 wizards
  13 swamp dragons
  An obsidian statue (Elf:2)
  16 ironbrand convokers
  11 deep elf archers
  15 orc knights
  25 orb spiders
  20 harpies
  7 necromancers
  3 orc sorcerers
  A harpy (shapeshifter) (Vaults:1)
  A mana viper (Depths:2)
  80 deep elf magi
  10 cyclopes
  34 ugly things
  21 wolf spiders
  A salamander (Depths:1)
  A shining eye (shapeshifter) (Vaults:2)
  A frost giant zombie (Vaults:5)
  A moth of wrath (Spider:2)
  A moth of wrath (shapeshifter) (Depths:2)
  2 manticores
  A worldbinder (Abyss:3)
  A black mamba (shapeshifter) (Depths:1)
  14 vault sentinels
  7 black mambas
  5 apocalypse crabs
  A guardian serpent (Lair:6)
  4 human skeletons
  A naga mage (Depths:3)
  3 elephants (Lair:6)
  2 gargoyles (Depths:4)
  A torpor snail (Spider:4)
  24 spiny frogs
  9 komodo dragons
  A kobold demonologist (D:11)
  48 yaktaurs
  An elf (Depths:4)
  7 freezing wraiths
  2 rime drakes
  11 demonic crawlers
  A harpy zombie (D:12)
  A spriggan skeleton (D:15)
  An anaconda simulacrum (Depths:3)
  A yaktaur skeleton (Vaults:4)
  4 ancient zymes
  A merfolk (shapeshifter) (Depths:3)
  A red devil (Abyss:2)
  A tengu conjurer (Depths:5)
  10 trolls
  21 jumping spiders
  A meliai (Depths:4)
  A meliai (shapeshifter) (Vaults:4)
  10 tyrant leeches
  4 polar bears
  25 hornets
  2 wind drakes (shapeshifter)
  2 hornets (shapeshifter)
  A shadow dragon simulacrum (Vaults:4)
  7 bog bodies
  5 raiju
  10 blink frogs
  A harpy skeleton (D:15)
  4 human simulacra
  An ettin zombie (Vaults:3)
  15 hippogriffs
  80 redbacks
  6 ynoxinuls
  30 tarantellas
  An air elemental (Elf:3)
  A redback (shapeshifter) (Depths:2)
  A black mamba zombie (Abyss:2)
  6 fire elementals
  4 spriggans
  7 water elementals
  3 wraiths
  2 shadows
  7 vampires
  36 yaks
  3 hogs (Elf:1)
  A hog (shapeshifter) (Vaults:2)
  A deep troll skeleton (D:15)
  2 steam dragons
  A neqoxec (Abyss:2)
  17 wyverns
  A fire bat (Abyss:2)
  A human (shapeshifter) (Vaults:4)
  2 humans (Depths:4)
  4 chaos spawn
  2 yaktaur simulacra
  21 vampire mosquitoes
  4 basilisks
  A harpy simulacrum (Depths:3)
  16 swamp worms
  A hungry ghost (D:9)
  15 wargs
  6 large abominations
  A swamp worm (shapeshifter) (Vaults:2)
  16 insubstantial wisps
  A spatial vortex (Abyss:3)
  An acid dragon (Lair:6)
  16 water moccasins
  3 floating eyes
  14 hell hounds
  7 porcupines
  An elf zombie (Vaults:4)
  9 ice beasts
  7 small abominations
  51 orc warriors
  3 sky beasts
  16 swamp drakes
  3 black bears
  3 eyes of draining
  2 ettin simulacra
  2 necrophages
  11 boggarts
  11 wolves
  52 ogres
  2 phantoms
  A boggart (shapeshifter) (Vaults:4)
  2 human zombies
  14 crocodiles
  23 centaurs
  2 big kobolds
  Blork the orc (D:6)
  A wyvern zombie (D:9)
  8 bullfrogs
  2 spectral wargs (Depths:4)
  3 gnoll sergeants
  2 earth elementals (Elf:2)
  A wyvern skeleton (D:12)
  3 scorpions
  7 killer bees
  23 wights
  13 howler monkeys
  5 electric eels
  11 crimson imps
  16 starcursed masses (Abyss:3)
  5 centaur zombies
  4 quasits
  10 orc priests
  28 orc wizards
  3 gnoll shamans
  17 hounds
  4 bullfrog skeletons
  8 jellies
  5 centaur skeletons
  An iron imp (Depths:4)
  Jessica (D:2)
  4 iguanas
  15 worker ants
  A bullfrog simulacrum (D:11)
  A hound zombie (D:6)
  2 hound skeletons
  2 worker ant zombies
  18 gnolls
  11 adders
  A hound simulacrum (D:11)
  4 shadow imps
  6 white imps
  A howler monkey simulacrum (D:11)
  2 ufetubi
  6 oozes
  2 adder skeletons
  A worm (Depths:5)
  3 dart slugs (D:2)
  5 leopard geckos
  92 orcs
  5 bats
  5 giant cockroaches
  11 goblins
  11 hobgoblins
  17 jackals
  28 kobolds
  5 quokkas
  2 ball pythons
  5 frilled lizards
  A giant cockroach zombie (D:5)
  A jackal zombie (D:5)
  A leopard gecko skeleton (D:4)
  A quokka zombie (D:8)
  7 rats
  A briar patch (Swamp:3)
  A plant (Swamp:3)
  2 starspawn tentacles (Abyss:2)
2329 creatures vanquished.

Vanquished Creatures (others)
  2 deep elf master archers
  3 stone giants
  2 yaktaur captains
  A great orb of eyes (Depths:2)
  32 dancing weapons
  An unseen horror (Abyss:3)
  A spriggan druid (Swamp:2)
  2 deep elf archers (Elf:2)
  A wizard (Vaults:1)
  A deep elf mage (Elf:1)
  A vault sentinel (Vaults:2)
  14 yaktaurs
  A hornet (Depths:4)
  A blink frog (Abyss:3)
  A tarantella (Spider:3)
  A vampire (Depths:4)
  A yak (D:12)
  A fire bat (Abyss:2)
  A golden eye (Abyss:3)
  3 humans (Elf:1)
  A small abomination (Abyss:3)
  A centaur (Depths:4)
  2 white imps
  An ufetubus (Abyss:2)
  An orc (Vaults:3)
  A kobold (Depths:4)
  11 briar patches
  24 fungi
  2 lurking horrors (Abyss:3)
  29 plants
  24 starspawn tentacles
  A withered plant (D:15)
169 creatures vanquished.

Grand Total: 2498 creatures vanquished

Notes
Turn   | Place    | Note
-------+----------+-------------------------------------------
     0 | D:1      | Umoon2 the Mummy Gladiator began the quest for the Orb.
     0 | D:1      | Reached XP level 1. HP: 16/16 MP: 1/1
    94 | D:1      | Reached XP level 2. HP: 17/22 MP: 2/2
   785 | D:2      | Reached skill level 1 in Armour
   798 | D:2      | Found a shadowy altar of Dithmenos.
   813 | D:2      | Reached XP level 3. HP: 24/28 MP: 3/3
   921 | D:2      | Noticed Jessica
   928 | D:2      | Killed Jessica
   928 | D:2      | Reached skill level 1 in Shields
   928 | D:2      | Reached XP level 4. HP: 29/34 MP: 4/4
  1182 | D:2      | Reached skill level 3 in Fighting
  1708 | D:2      | Reached XP level 5. HP: 40/41 MP: 5/5
  2335 | D:4      | Noticed a phantom
  2371 | D:4      | Killed a phantom
  2371 | D:4      | Reached XP level 6. HP: 38/47 MP: 6/6
  2390 | D:4      | Found a staircase to the Ecumenical Temple.
  2406 | Temple   | Entered the Ecumenical Temple
  2507 | Temple   | Became a worshipper of Gozag Ym Sagoz the Greedy
  2748 | D:4      | Found a shadowy altar of Dithmenos.
  2761 | D:4      | Reached skill level 4 in Fighting
  3048 | D:4      | Reached XP level 7. HP: 54/54 MP: 7/7
  3358 | D:5      | Entered Level 5 of the Dungeon
  4010 | D:4      | Reached XP level 8. HP: 9/61 MP: 3/8
  4432 | D:5      | Reached skill level 5 in Fighting
  4634 | D:5      | Got a scorched scale mail
  4645 | D:5      | Identified the +4 scale mail "Gobuzeqy" {rF++} (You found
                  | it on level 5 of the Dungeon)
  4905 | D:6      | Noticed a hippogriff
  4927 | D:6      | Killed a hippogriff
  4927 | D:6      | Reached skill level 5 in Dodging
  4990 | D:6      | Found Bahon's Gadget Boutique.
  5188 | D:6      | Reached skill level 6 in Fighting
  5622 | D:6      | Noticed Blork the orc
  5646 | D:6      | Killed Blork the orc
  5646 | D:6      | Reached XP level 9. HP: 64/69 MP: 9/9
  6424 | D:7      | Reached skill level 5 in Armour
  6581 | D:7      | Reached skill level 5 in Shields
  6785 | D:7      | Found an ornate altar of the Wu Jian Council.
  7264 | D:7      | Reached skill level 7 in Fighting
  8111 | D:7      | Bought the ring of Life {rF+ rN+ Slay+3 SInv} for 508 gold
                  | pieces
  8830 | D:8      | Reached XP level 10. HP: 75/79 MP: 8/10
  9445 | D:9      | Got a pitted ring mail
  9456 | D:9      | Identified the +1 ring mail of Freedom {+Inv MP+9} (You
                  | found it on level 9 of the Dungeon)
  9809 | D:9      | Reached skill level 8 in Fighting
  9832 | D:9      | Noticed an obsidian statue
  9896 | D:9      | Got an ancient long sword
  9897 | D:9      | Identified the +8 long sword of the Shoals {freeze,
                  | *Corrode +Fly Str+2} (You found it on level 9 of the
                  | Dungeon)
 10254 | D:9      | Found Xosesene's Assorted Antiques.
 10275 | D:9      | Bought a scroll labeled QUSENI WETHOPH for 33 gold pieces
 10389 | D:7      | Bought a +5 ring of protection for 550 gold pieces
 10471 | D:10     | Entered Level 10 of the Dungeon
 11014 | D:10     | Found a staircase to the Lair.
 11357 | D:10     | Noticed an unseen horror
 11386 | D:10     | Killed an unseen horror
 11549 | Lair:1   | Entered Level 1 of the Lair of Beasts
 11606 | Lair:1   | Noticed Sonja
 11653 | Lair:1   | Noticed a black mamba
 11709 | Lair:1   | Killed Sonja
 11709 | Lair:1   | Reached XP level 11. HP: 86/87 MP: 11/11
 12020 | Lair:1   | Reached skill level 9 in Fighting
 12527 | Lair:2   | Noticed a four-headed hydra
 12534 | Lair:2   | Killed a four-headed hydra
 12862 | Lair:2   | Found a staircase to the Swamp.
 13877 | Lair:2   | Noticed an oklob plant
 14057 | Lair:2   | Noticed an oklob plant
 14103 | Lair:3   | Noticed Urug
 14121 | Lair:3   | Killed Urug
 14144 | Lair:3   | Noticed Fannar
 14263 | Lair:3   | Killed Fannar
 14263 | Lair:3   | Reached skill level 1 in Polearms
 14499 | Lair:3   | Reached XP level 12. HP: 94/97 MP: 12/12
 14836 | Lair:3   | Noticed Gastronok
 14855 | Lair:3   | Killed Gastronok
 15101 | Lair:4   | Noticed a four-headed hydra
 15115 | Lair:4   | Killed a four-headed hydra
 15232 | Lair:4   | Noticed an eight-headed hydra
 15248 | Lair:4   | Killed an eight-headed hydra
 15476 | Lair:4   | Found a hole to the Spider Nest.
 16249 | Lair:5   | Noticed a death yak
 16250 | Lair:5   | Noticed a death yak
 16250 | Lair:5   | Noticed a death yak
 16250 | Lair:5   | Noticed a death yak
 16251 | Lair:5   | Noticed a death yak
 16252 | Lair:5   | Noticed a death yak
 16258 | Lair:5   | Found a viscous altar of Jiyva.
 16260 | Lair:5   | Found a staircase to the Slime Pits.
 16297 | Lair:4   | Killed a death yak
 16303 | Lair:4   | Reached skill level 5 in Polearms
 16376 | Lair:4   | Killed a death yak
 16378 | Lair:4   | Killed a death yak
 16406 | Lair:4   | Killed a death yak
 16456 | Lair:4   | Killed a death yak
 17034 | Lair:5   | Killed a death yak
 17034 | Lair:5   | Gained mutation: You are in touch with the powers of death.
                  | [Mummy growth]
 17034 | Lair:5   | Reached XP level 13. HP: 60/103 MP: 7/13
 17205 | Lair:6   | Entered Level 6 of the Lair of Beasts
 18167 | Lair:6   | Reached skill level 10 in Dodging
 19380 | Lair:6   | Noticed a fire dragon
 19396 | Lair:6   | Killed a fire dragon
 19450 | Lair:6   | Got a wavering ivory amulet
 19464 | Lair:6   | Identified the amulet "Fyosh" {Acrobat MR+} (You found it
                  | on level 6 of the Lair of Beasts)
 19699 | D:10     | Bought a runed scarf for 256 gold pieces
 19699 | D:10     | Bought a pair of glowing gloves for 240 gold pieces
 19957 | D:11     | Noticed Erolcha
 19962 | D:11     | Reached skill level 10 in Armour
 19966 | D:11     | Reached skill level 10 in Shields
 19980 | D:11     | Killed Erolcha
 20118 | D:11     | Reached XP level 14. HP: 109/109 MP: 14/14
 20871 | D:12     | Noticed Azrael
 20896 | D:12     | Killed Azrael
 21621 | D:12     | Got a heavily runed leather armour
 22021 | D:12     | Found a staircase to the Orcish Mines.
 22601 | Orc:1    | Entered Level 1 of the Orcish Mines
 22679 | Orc:1    | Found Tyobooje's Assorted Antiques.
 22717 | Orc:1    | Reached skill level 10 in Polearms
 22749 | Orc:1    | Noticed a stone giant
 22782 | Orc:1    | Killed a stone giant
 23092 | Orc:1    | Identified the +0 leather armour "Vimeesa" {rPois Int+2}
                  | (You took it off a vampire on level 12 of the Dungeon)
 23180 | Orc:1    | Found a roughly hewn altar of Beogh.
 23451 | Orc:2    | Entered Level 2 of the Orcish Mines
 24536 | Orc:2    | Found Peisuapral's Jewellery Boutique.
 24605 | Orc:2    | Found Owoev's Antique Armour Shop.
 24733 | D:10     | Bought the +9 scales of the Dragon King {rPois rF+ rC+ MR+}
                  | for 3993 gold pieces
 24733 | D:10     | Found the +9 scales of the Dragon King {rPois rF+ rC+ MR+}
 25089 | Orc:2    | Reached XP level 15. HP: 99/115 MP: 15/15
 25146 | Orc:2    | Found Bien Guo's General Store.
 25492 | Orc:2    | Noticed an orc warlord
 25518 | Orc:2    | Killed an orc warlord
 25579 | Orc:2    | Found a staircase to the Elven Halls.
 25672 | Orc:2    | Found Tymiapt's Antique Weapon Shoppe.
 26336 | D:13     | Noticed Nessos
 26374 | D:13     | Killed Nessos
 26667 | D:13     | Found a gate to the Vaults.
 27346 | D:14     | Learned a level 2 spell: Blink
 27348 | D:14     | Learned a level 1 spell: Apportation
 27354 | D:14     | Learned a level 5 spell: Aura of Abjuration
 27469 | D:14     | Found Iqokuy's Assorted Antiques.
 27477 | D:14     | Bought a scroll of teleportation for 72 gold pieces
 27677 | D:14     | Reached skill level 1 in Spellcasting
 27677 | D:14     | Reached skill level 1 in Translocations
 28126 | D:7      | Bought an uncursed ring of flight for 175 gold pieces
 28285 | Orc:1    | Bought a scroll of teleportation for 63 gold pieces
 28285 | Orc:1    | Bought a scroll of teleportation for 63 gold pieces
 29038 | D:15     | Entered Level 15 of the Dungeon
 29306 | D:15     | Found a staircase to the Depths.
 29756 | D:15     | Reached XP level 16. HP: 122/122 MP: 18/20
 30512 | Swamp:1  | Entered Level 1 of the Swamp
 32679 | Swamp:2  | Noticed a thorn hunter
 32701 | Swamp:1  | Killed a thorn hunter
 32934 | Swamp:2  | Noticed a tentacled monstrosity
 32951 | Swamp:2  | Killed a tentacled monstrosity
 33028 | Swamp:2  | Found a runed door.
 34081 | Swamp:3  | Noticed a thorn hunter
 34105 | Swamp:3  | Killed a thorn hunter
 34276 | Swamp:3  | Reached skill level 5 in Translocations
 34945 | Swamp:3  | Reached skill level 5 in Spellcasting
 35096 | Swamp:4  | Entered Level 4 of the Swamp
 35756 | Lair:2   | Bought a +2 buckler of reflection for 296 gold pieces
 35897 | Swamp:4  | Noticed a thorn hunter
 36199 | Swamp:4  | Killed a thorn hunter
 36199 | Swamp:4  | Reached XP level 17. HP: 74/127 MP: 24/24
 37329 | Swamp:4  | Got a decaying rune of Zot
 37889 | Swamp:2  | Paralysed by an apocalypse crab for 7 turns
 37920 | Swamp:2  | Paralysed by you for 5 turns
 37948 | Swamp:2  | Got a steaming falchion {elec}
 37949 | Swamp:2  | Identified the +8 falchion of Termination {elec, SInv} (You
                  | took it off a spriggan druid on level 2 of the Swamp)
 38480 | Spider:1 | Entered Level 1 of the Spider Nest
 39209 | Spider:1 | Noticed Roxanne
 39246 | Spider:1 | Killed Roxanne
 39248 | Spider:1 | Identified Roxanne's Almanac of the Rocks (You took it off
                  | Roxanne on level 1 of the Spider Nest)
 41049 | Spider:3 | Noticed Arachne
 41086 | Spider:2 | Killed Arachne
 41211 | Spider:3 | Noticed Agnes
 41228 | Spider:3 | Killed Agnes
 41349 | Spider:3 | Reached XP level 18. HP: 120/134 MP: 0/25
 42380 | Spider:4 | Entered Level 4 of the Spider Nest
 42593 | Spider:4 | Noticed Louise
 42618 | Spider:3 | Killed Louise
 44362 | Spider:4 | Got a gossamer rune of Zot
 44683 | D:10     | Bought a scroll of teleportation for 51 gold pieces
 44686 | D:10     | Bought a twisted trident for 289 gold pieces
 44686 | D:10     | Identified the +7 trident of Peace {pierce, rC+ rN+} (You
                  | bought it in a shop on level 10 of the Dungeon)
 44768 | Vaults:1 | Entered Level 1 of the Vaults
 46224 | Vaults:1 | Found Qurafius's Weapon Shoppe.
 46469 | Vaults:2 | Noticed Nikola
 46488 | Vaults:2 | Killed Nikola
 46488 | Vaults:2 | Reached XP level 19. HP: 108/140 MP: 32/32
 46554 | Vaults:2 | Reached skill level 10 in Translocations
 46750 | Vaults:2 | Reached skill level 10 in Spellcasting
 46800 | Vaults:2 | Found Ceum's Book Shop.
 47907 | Vaults:2 | Reached skill level 1 in Summonings
 49078 | Vaults:3 | Found Fenugy's Book Boutique.
 49175 | Vaults:3 | Reached skill level 10 in Fighting
 49391 | Vaults:3 | Found Mibly's Distillery.
 49407 | Vaults:3 | Found Lelon's Antique Weapon Emporium.
 49699 | Vaults:3 | Reached XP level 20. HP: 80/147 MP: 35/35
 50143 | Vaults:3 | Found a staircase to the Crypt.
 50943 | Vaults:4 | Identified the cursed +1 great sword "Qidei" {elec, rF+}
                  | (You found it on level 4 of the Vaults)
 51239 | Vaults:4 | Noticed Mara
 51258 | Vaults:4 | Noticed Umoon2's illusion
 51639 | Vaults:4 | Noticed Umoon2's illusion
 51994 | Vaults:4 | Noticed Umoon2's illusion
 52020 | Vaults:4 | Noticed Umoon2's illusion
 52380 | Vaults:4 | Noticed Umoon2's illusion
 52399 | Vaults:4 | Killed Mara
 52399 | Vaults:4 | Reached skill level 5 in Summonings
 53030 | Vaults:4 | Found a portal to a secret trove of treasure.
 53970 | Depths:1 | Entered Level 1 of the Depths
 54371 | Depths:1 | Reached XP level 21. HP: 97/153 MP: 38/38
 54956 | Depths:1 | Bought a steaming plate armour for 952 gold pieces
 54956 | Depths:1 | Bought a pair of glowing gloves for 255 gold pieces
 54957 | Depths:1 | Identified the +8 plate armour of Dumukhleiv {rC+ MP+9}
                  | (You bought it in a shop on level 1 of the Depths)
 55247 | Depths:1 | Reached skill level 15 in Armour
 55628 | Depths:1 | Found a gateway to Hell.
 56650 | Depths:1 | Identified a scroll of acquirement
 57052 | Depths:2 | Paralysed by a floating eye for 2 turns
 57060 | Depths:2 | Paralysed by a floating eye for 3 turns
 57109 | Depths:2 | Got a spiked plate armour
 57134 | Depths:1 | Identified the +8 plate armour "Keytuapp" {rElec} (You
                  | found it on level 2 of the Depths)
 57687 | Depths:2 | Found a glowing golden altar of the Shining One.
 58973 | Depths:3 | Reached XP level 22. HP: 81/159 MP: 40/40
 59226 | Depths:3 | Found a one-way gate leading to the halls of Pandemonium.
 59340 | Depths:3 | Reached skill level 10 in Summonings
 60577 | Depths:3 | Found a one-way gate to the infinite horrors of the Abyss.
 61337 | Depths:3 | Noticed Boris
 61363 | Depths:3 | Killed Boris
 61876 | Depths:4 | Found a gateway to a ziggurat.
 62790 | Depths:4 | Got an uncursed crystal spear {flame}
 62791 | Depths:4 | Identified the +10 spear of the Median {flame, rC+ Str+5}
                  | (You took it off a yaktaur on level 4 of the Depths)
 63252 | Depths:4 | Found Wawnioty's Gadget Boutique.
 63252 | Depths:4 | Found Zaqyim's Jewellery Shoppe.
 63253 | Depths:4 | Found Tyastrut's Gadget Boutique.
 64110 | Depths:4 | Found a roughly hewn altar of Beogh.
 64455 | Depths:4 | Found a shattered altar of Ashenzari.
 64595 | Depths:4 | Found an ancient bone altar of Kikubaaqudgha.
 64748 | Depths:4 | Identified the +0 animal skin of Dramatic Exits {Str+4
                  | Int+3} (You found it on level 4 of the Depths)
 65002 | Depths:4 | Found Fyenly's Slaves and Accessories.
 65067 | Depths:4 | Reached XP level 23. HP: 105/165 MP: 41/41
 65443 | Depths:4 | Found The Legendary Kocaur's Legendary Smithy.
 65483 | Depths:4 | Found Nouhel's Miraculous Elixirs.
 65579 | Depths:4 | Found Jack's Jerk-a-riffic Jerky.
 65704 | Depths:4 | Identified the +4 whip of Okawaru's Fury {slash, rC++ rN+
                  | MP+9} (You found it on level 4 of the Depths)
 65776 | Depths:5 | Entered Level 5 of the Depths
 66005 | Depths:4 | Bought the ring of Nizxyl {rElec rPois rC+ MP+9 Stlth-} for
                  | 1092 gold pieces
 66022 | Depths:5 | Reached skill level 15 in Spellcasting
 66222 | Depths:5 | Noticed a caustic shrike
 66229 | Depths:5 | Noticed a caustic shrike
 66235 | Depths:5 | Noticed a caustic shrike
 66245 | Depths:4 | HP: 1/165 [spriggan air mage/the air (12)]
 66682 | Depths:4 | Killed a caustic shrike
 66872 | Depths:4 | Killed a caustic shrike
 67145 | Depths:4 | Killed a caustic shrike
 67152 | Depths:5 | Noticed a caustic shrike
 67152 | Depths:5 | Noticed a caustic shrike
 67650 | Depths:4 | Killed a caustic shrike
 67664 | Depths:4 | Killed a caustic shrike
 69637 | Depths:5 | Noticed Saint Roka
 70175 | Depths:4 | Killed Saint Roka
 70497 | Depths:5 | Found a gate to the Realm of Zot.
 71279 | Depths:5 | Found a runed door.
 71314 | Depths:5 | Found a corrupted altar of Lugonu.
 71450 | Depths:5 | Noticed a caustic shrike
 71450 | Depths:5 | Noticed a juggernaut
 71508 | Depths:3 | Killed a caustic shrike
 72268 | Depths:4 | Killed a juggernaut
 72274 | Depths:4 | Got an ancient large shield
 72285 | Depths:4 | Identified the +2 large shield of the Game of Life {-Tele
                  | rF+ MR+} (You took it off a vampire knight on level 4 of
                  | the Depths)
 73115 | Elf:1    | Entered Level 1 of the Elven Halls
 73166 | Elf:1    | Found a radiant altar of Vehumet.
 73242 | Elf:1    | Reached XP level 24. HP: 156/172 MP: 43/43
 73378 | Elf:1    | Noticed Kirke
 73406 | Elf:1    | Killed Kirke
 74336 | Elf:1    | Identified the Disquisition on the Supportive Mountains
 75063 | Elf:2    | Reached skill level 15 in Summonings
 75202 | Elf:2    | Found a runed gate.
 75202 | Elf:2    | Found a runed gate.
 75202 | Elf:2    | Found a runed gate.
 75337 | Elf:2    | Found a deep blue altar of Sif Muna.
 75637 | Elf:2    | Reached skill level 11 in Fighting
 75795 | Elf:2    | HP: 1/176 [deep elf mage/bolt of lightning (27)]
 76715 | Elf:3    | Entered Level 3 of the Elven Halls
 77154 | Elf:3    | Reached skill level 12 in Fighting
 77157 | Elf:3    | Reached skill level 15 in Shields
 77472 | Elf:3    | Found the macabre finger necklace {rN+}
 77501 | Elf:3    | Identified the ring of Puzawane {rC+ Dex+3} (You found it
                  | on level 3 of the Elven Halls)
 77525 | Elf:3    | Identified the Almanac of Flames and Shape Shifting
 77528 | Elf:3    | Identified Aneopn's Catalogue of Ashen Boosts
 77604 | Elf:3    | Identified the +4 battleaxe of the Grey Skies {venom, MP+9
                  | Str+4} (You found it on level 3 of the Elven Halls)
 78059 | D:12     | Bought the ring of Phasing {EV+8} for 2304 gold pieces
 78059 | D:12     | Found the ring of Phasing {EV+8}
 78235 | Vaults:5 | Entered Level 5 of the Vaults
 78272 | Vaults:4 | Reached skill level 13 in Fighting
 79128 | Vaults:4 | Reached skill level 14 in Fighting
 79804 | Vaults:5 | Noticed an ancient lich
 79849 | Vaults:4 | Reached XP level 25. HP: 92/193 MP: 43/43
 80399 | Vaults:5 | Noticed an ancient lich
 80454 | Vaults:5 | Reached skill level 15 in Fighting
 80496 | Vaults:4 | Killed an ancient lich
 81516 | Vaults:4 | Reached skill level 16 in Fighting
 82688 | Vaults:5 | Identified the amulet "Kuka" {Reflect rN+ Str+4 SH+4 SInv}
                  | (You found it on level 5 of the Vaults)
 82736 | Vaults:5 | Identified the -2 pair of gloves of Pandemonium {Stlth+}
                  | (You found it on level 5 of the Vaults)
 82909 | Vaults:5 | Killed an ancient lich
 83365 | Vaults:5 | Reached skill level 17 in Fighting
 83629 | Vaults:5 | Got a pair of scorched gloves
 83657 | Vaults:5 | Identified the +2 pair of gloves of Egalitarianism {rF+ rC-
                  | rN++} (You found it on level 5 of the Vaults)
 83974 | Vaults:5 | Identified the Disquisition on Fiery Bewitchment
 84371 | Vaults:5 | Got a silver rune of Zot
 84727 | D:13     | Bought a glowing shield for 187 gold pieces
 85026 | Depths:3 | Voluntarily entered the Abyss.
 85052 | Abyss:2  | Found a viscous altar of Jiyva.
 85052 | Abyss:2  | Found a corrupted altar of Lugonu.
 85276 | Abyss:2  | Reached skill level 18 in Fighting
 85550 | Abyss:2  | Found a corrupted altar of Lugonu.
 85708 | Abyss:2  | Found a corrupted altar of Lugonu.
 86521 | Abyss:3  | Paralysed by accursed screaming for 1 turns
 86660 | Abyss:3  | Gained mutation: You are strongly in touch with the powers
                  | of death. [Mummy growth]
 86660 | Abyss:3  | Reached XP level 26. HP: 81/213 MP: 44/44
 86704 | Abyss:3  | Reached skill level 19 in Fighting
 86933 | Abyss:3  | Got an abyssal rune of Zot
 86947 | Abyss:3  | HP: 5/215 [starcursed mass/accursed screaming (10)]
 86947 | Abyss:3  | Paralysed by accursed screaming for 1 turns
 86948 | Abyss:3  | Killed from afar by a smoke demon

Vault maps used:
D:1:      dpeg_arrival_long_road
D:2:      old_standard_altar, uniq_jessica
D:3:      nicolae_underground_beach
D:4:      minmay_temple_entry_statues_fountains,
          grunt_dithmenos_smoke_and_mirrors
D:5:      first_ration
D:6:      serial_shops, shop, minivault_4, uniq_blork_the_orc
D:7:      kennysheep_housing_project, basic_altar
D:8:      hangedman_little_slice_of_home, st_stairs_13
D:9:      minmay_statue_hallways, serial_shops, nicolae_shop_overgrown_old_shop
D:10:     david_lair_shrubbed
D:11:     serial_ice, serial_ice_g, serial_ice_e, serial_ice_a, serial_ice_c,
          serial_ice_j, serial_ice_f, serial_ice_d, serial_ice_b, uniq_erolcha
D:12:     minmay_connected_boxes_in_corner, minmay_orc_entry_guard_dogs,
          serial_bayou, serial_bayou_pond_b, serial_bayou_shore_a,
          serial_bayou_shore_b, serial_bayou_ford_a, uniq_azrael
D:13:     kennysheep_six_static_rooms, erik_vaults_1, uniq_nessos
D:14:     corexii_hall_statues_s, serial_shops, shop, minmay_rotating_lava
D:15:     gammafunk_depths_entry_grave
Temple:   kilobyte_greek_temple
Lair:1:   uniq_sonja
Lair:2:   minmay_swamp_entry_worms, disabler_island, grunt_megastairs_2
Lair:3:   grunt_megastairs_4, uniq_urug, uniq_gastronok, uniq_fannar
Lair:4:   nicolae_spider_entry_orb_guardian
Lair:5:   slime_altar_1, grunt_megastairs_1
Lair:6:   hangedman_lair_tendril_chambers, guppyfry_lair_end_dragon
Swamp:1:  evilmike_swamp_ruin_rubble_2, swamp_pool1
Swamp:2:  gammafunk_mikee_crab_dinner, infiniplex_staircase_pool_2
Swamp:3:  nicolae_swamp_little_tower, swamp_pool1, infiniplex_staircase_pool
Swamp:4:  swamp
Spider:1: uniq_roxanne
Spider:2: hangedman_spider_tarantella_strand, nicolae_spider_cling_halls
Spider:3: spider_trap, nicolae_spider_shape, uniq_arachne, uniq_agnes
Spider:4: spider_rune_water, uniq_louise
Orc:1:    nicolae_orc_accident_1, basic_altar, serial_shops, shop
Orc:2:    grunt_orc_gardens, grunt_orc_garden, grunt_orc_garden,
          grunt_orc_garden, grunt_orc_garden
Elf:1:    eino_elf_arrival_altar, hangedman_elf_represent, uniq_kirke
Elf:2:    guppyfry_elf_altar
Elf:3:    elf_hall, st_stairs_13
Vaults:1: v_rooms_2, grunt_vaults_hallway_short,
          vaults_room_grunt_arrival_ludios, v_alt_pattern_5,
          nicolae_vaults_rhombus_5, serial_ice_m, hangedman_vaults_cutoff,
          v_misc_12, v_misc_10, vaults_room_ringed_pool,
          ontoclasm_vaults_loading_screen, serial_shops, shop
Vaults:2: v_rooms_1, v_pattern_5, nicolae_vaults_an_arrangement,
          ontoclasm_vaults_claustrophobia, v_misc_28, hangedman_vaults_locks,
          vaults_room_door_ring, v_misc_25, nicolae_vaults_circle_grid_b,
          dpeg_vaults_monster_box, nicolae_vaults_alarming,
          nicolae_vaults_ring_of_whatevers, serial_shops, nicolae_shop_crystal,
          uniq_nikola
Vaults:3: st_more_cells, v_misc_12, ontoclasm_vaults_shuriken,
          vaults_room_pools, v_misc_26, minmay_crypt_entry_vampire_xt,
          nicolae_vaults_specimen_jars, ontoclasm_vaults_ring_small,
          hangedman_vaults_slice, hangedman_vaults_stitches, v_misc_14,
          hangedman_vaults_restitches, serial_shops, shop, shop,
          nicolae_shop_behind_doors
Vaults:4: vaults_mumra_chevron, ontoclasm_vaults_twist, v_rooms_3,
          vaults_standard_mumra_enter_the_diamond, nicolae_vaults_quadrants,
          vaults_room_pools, hangedman_vaults_stretched_pinwheel, v_misc_1,
          nicolae_vaults_little_ls, ontoclasm_vaults_decontamination,
          enter_trove_3, uniq_mara
Vaults:5: serial_shops
Depths:1: grunt_hell_horde, hangedman_decor_peaks_small, kennysheep_inner_square
Depths:2: cell_vault, pf_hell_entry_tar_spiral, lemuel_round_altar,
          kennysheep_random_hallway, minmay_staircase_bubble
Depths:3: hangedman_crystal_crosses_colossus, hell_entry, pan_entry,
          abyss_entry, uniq_boris
Depths:4: grated_community_mu, enter_ziggurat_d, abyss_entry,
          grunt_hell_entry_dis_grunt, minmay_shop_grove
Depths:5: evilmike_zot_entry_argh, abyss_entry_flame_altar, hell_entry,
          hex_medium, hangedman_glass_teeth, minmay_st_funbox,
          kennysheep_underground_church, uniq_saint_roka
Abyss:3:  evilmike_abyss_exit_7

Skill      XL: |  1  2  3  4  5  6  7  8  9 10 11 12 13 14 15 16 17 18 19 20 21 22 23 24 25 26 |
---------------+-------------------------------------------------------------------------------+-----
Armour         | 1 2 3 4 5 7 8 9 10 11 12 13 14 16 17 18 | 18.0
Dodging        | 3 4 5 6 7 8 9 10 11 12 13 | 13.0
Shields        | 1 2 3 4 5 7 8 9 10 11 12 13 14 15 | 15.0
Fighting       | 3 4 6 7 8 9 10 14 18 19 | 19.2
Polearms       | 1 6 8 10 11 12 13 14 | 14.0
Spellcasting   | 2 5 9 11 13 14 16 17 | 17.0
Translocations | 2 6 8 9 10 11 12 | 12.0
Summonings     | 2 6 9 12 14 15 | 15.0
Maces & Flails | |  2.4
Throwing       | |  1.5

Action                   |  1- 3 |  4- 6 |  7- 9 | 10-12 | 13-15 | 16-18 | 19-21 | 22-24 | 25-27 || total
-------------------------+-------+-------+-------+-------+-------+-------+-------+-------+-------++-------
Melee: Flail             |   112 |   329 |   311 |       |       |       |       |       |       ||   752
       Whip              |       |       |   846 |       |       |       |       |       |       ||   846
       Dagger            |       |       |   113 |   940 |       |       |       |       |       ||  1053
       Demon trident     |       |       |       |   255 |  2004 |  2374 |  2529 |  2810 |  1238 || 11210
 Cast: Blink             |       |       |       |       |       |       |       |    20 |       ||    20
       Aura of Abjuratio |       |       |       |       |       |       |       |     5 |     5 ||    10
Invok: Potion Petition   |       |       |     1 |       |       |     2 |     1 |     6 |     5 ||    15
       Call Merchant     |       |       |     1 |       |     1 |     3 |     1 |     2 |     1 ||     9
 Abil: Evoke Flight      |       |       |       |       |     4 |     1 |       |       |       ||     5
Evoke: Wand              |       |       |       |    11 |     1 |     4 |       |     6 |     1 ||    23
  Use: Scroll            |       |     7 |     4 |    10 |     4 |    10 |     8 |    17 |    13 ||    73
 Stab: Distracted        |       |       |       |     3 |    14 |    10 |    22 |    16 |    11 ||    76
       Petrified         |       |       |       |       |       |     2 |       |       |       ||     2
Armor: Chain mail        |    66 |    50 |       |       |       |       |       |       |       ||   116
       Leather armour    |     1 |       |       |       |       |       |       |       |       ||     1
       Plate armour      |       |   154 |   121 |       |       |       |       |       |       ||   275
       Scale mail        |       |       |   439 |   363 |   300 |       |       |       |       ||  1102
       Gold dragon scale |       |       |       |       |   282 |  1344 |   625 |  1081 |   475 ||  3807
Dodge: Dodged            |    39 |    46 |   407 |   405 |   628 |   833 |   497 |   832 |  1015 ||  4702
       Deflected         |       |       |       |       |    19 |    38 |    42 |    59 |    44 ||   202
Block: Buckler           |     6 |       |       |       |       |   181 |       |       |       ||   187
       Shield            |    14 |   198 |   748 |   717 |  1160 |  1234 |   855 |  1587 |  1099 ||  7612
       Reflection        |       |       |       |       |       |    32 |    88 |    94 |    54 ||   268

Table legend:
 A = Non-vault XP
 B = Vault XP
 C = Vault XP percentage of total XP
 D = Non-vault monster count
 E = Vault monster count
 F = Vault count percentage of total count
                 A         B        C        D         E       F
            +---------+---------+-------+---------+---------+-------
      Total |  676150 |  653509 |  49.1 |    1539 |     848 |  35.5
            +---------+---------+-------+---------+---------+-------
        D:1 |      29 |       0 |   0.0 |      17 |       0 |   0.0
        D:2 |     152 |      37 |  19.6 |      35 |       1 |   2.8
        D:3 |      37 |       0 |   0.0 |      14 |       0 |   0.0
        D:4 |     836 |       0 |   0.0 |      27 |       0 |   0.0
        D:5 |     639 |       0 |   0.0 |      16 |       0 |   0.0
        D:6 |    1252 |     219 |  14.9 |      30 |       2 |   6.2
        D:7 |    1136 |     798 |  41.3 |      17 |      29 |  63.0
        D:8 |    1079 |     286 |  21.0 |      25 |       9 |  26.5
        D:9 |    1667 |       0 |   0.0 |      31 |       0 |   0.0
       D:10 |    1808 |     378 |  17.3 |      25 |       1 |   3.8
       D:11 |    5578 |    3669 |  39.7 |      35 |      17 |  32.7
       D:12 |   10969 |   10599 |  49.1 |      51 |      34 |  40.0
       D:13 |   15295 |    5173 |  25.3 |      46 |      10 |  17.9
       D:14 |    7143 |    8490 |  54.3 |      32 |      17 |  34.7
       D:15 |    9645 |    3737 |  27.9 |      34 |       5 |  12.8
     Lair:1 |    2519 |    1468 |  36.8 |      15 |       4 |  21.1
     Lair:2 |    3181 |    1164 |  26.8 |      13 |       5 |  27.8
     Lair:3 |    1520 |    4194 |  73.4 |       5 |       4 |  44.4
     Lair:4 |    9293 |     595 |   6.0 |      20 |       1 |   4.8
     Lair:5 |    3874 |    1803 |  31.8 |      15 |       6 |  28.6
     Lair:6 |    8448 |   11691 |  58.1 |      26 |      41 |  61.2
    Swamp:1 |   16052 |       0 |   0.0 |      40 |       0 |   0.0
    Swamp:2 |   10190 |    7920 |  43.7 |      26 |      11 |  29.7
    Swamp:3 |   17002 |    7313 |  30.1 |      41 |       8 |  16.3
    Swamp:4 |   17421 |   14821 |  46.0 |      30 |      23 |  43.4
   Spider:1 |   16783 |    1919 |  10.3 |      49 |       1 |   2.0
   Spider:2 |   13537 |    3657 |  21.3 |      29 |       2 |   6.5
   Spider:3 |   15787 |    7814 |  33.1 |      43 |      12 |  21.8
   Spider:4 |   10804 |   22615 |  67.7 |      26 |      45 |  63.4
      Orc:1 |    4089 |    2180 |  34.8 |      30 |      13 |  30.2
      Orc:2 |    3681 |    9468 |  72.0 |      32 |      18 |  36.0
      Elf:1 |   11127 |   13079 |  54.0 |      20 |      20 |  50.0
      Elf:2 |   22263 |   27375 |  55.1 |      32 |      36 |  52.9
      Elf:3 |    6421 |   39364 |  86.0 |      12 |      26 |  68.4
   Vaults:1 |   20894 |   12947 |  38.3 |      41 |      30 |  42.3
   Vaults:2 |   37184 |   34340 |  48.0 |      64 |      51 |  44.3
   Vaults:3 |   48318 |   21090 |  30.4 |      75 |      32 |  29.9
   Vaults:4 |   43163 |   95581 |  68.9 |      74 |      81 |  52.3
   Vaults:5 |   26295 |   56398 |  68.2 |      42 |      32 |  43.2
   Depths:1 |   64806 |   10163 |  13.6 |      78 |      14 |  15.2
   Depths:2 |   22989 |   33452 |  59.3 |      38 |      27 |  41.5
   Depths:3 |    5659 |   77941 |  93.2 |       4 |      56 |  93.3
   Depths:4 |   69648 |   65493 |  48.5 |      60 |      88 |  59.5
   Depths:5 |   37822 |   27261 |  41.9 |      37 |      26 |  41.3
    Abyss:2 |   24737 |       0 |   0.0 |      41 |       0 |   0.0
    Abyss:3 |   23378 |    7017 |  23.1 |      46 |      10 |  17.9
            +---------+---------+-------+---------+---------+-------
